 Dungeon Sprint DCSS version 0.17-a0-1738-g82cdc46 (webtiles) character file.

59 esc the Ruffian (level 4, 0/37 HPs)
             Began as a Vine Stalker Berserker on Aug 30, 2015.
             Was a Priest of Trog.
             Succumbed to a scorpion's poison
             ... in the Dungeon (Sprint IX: "|||||||||||||||||||||||||||||").
             The game lasted 00:00:54 (44 turns).

esc the Ruffian (Vine Stalker Berserker)              Turns: 44, Time: 00:00:55

Health: 0/37       AC:  2    Str: 25    XL:     4   Next: 3%
Magic:  1/5        EV: 13    Int:  7    God:    Trog [***...]
Gold:   0          SH:  0    Dex: 14    Spells: 0 memorised, 3 levels left

rFire  . . .     SeeInvis .       - Unarmed
rCold  . . .     Clarity  .     a - +0 animal skin
rNeg   . . .     SustAt   .     (no shield)
rPois  .         Gourm    .     (no helmet)
rElec  .         Spirit   +     (no cloak)
rCorr  .         Warding  .     (no gloves)
rMut   .         NoTele   +     (no boots)
MR     ++...                    (no amulet)
Stlth  ..........               (no ring)
                                (no ring)

@: berserking, lethally poisoned (0 -> 0), very slightly contaminated,
regenerating, hasted, very quick, very resistant to hostile enchantments,
extremely unstealthy
A: fangs 2, regeneration 1, magic shield, antimagic bite, no device heal 3, rot
immunity
a: Burn Spellbooks, Berserk, Trog's Hand, Renounce Religion


You were in the Dungeon.
You worshipped Trog.
Trog was most pleased with you.
You were not hungry.

You visited 1 branch

Inventory:

Armour
 a - a +0 animal skin (worn)
Scrolls
 h - a scroll of blinking {!r}
Potions
 c - a potion of curing
 d - a potion of heal wounds
 f - 2 potions of magic
 g - a potion of berserk rage {!q}
Comestibles
 b - a bread ration {@e1}
 i - a chunk of flesh {@w0}


   Skills:
 + Level 4.2 Fighting
 + Level 3.3 Armour
 + Level 3.5 Dodging
 + Level 4.8 Unarmed Combat


You had 3 spell levels left.
You didn't know any spells.

Dungeon Overview and Level Annotations

Branches:
Dungeon (1/1)

Altars:


Innate Abilities, Weirdness & Mutations

You have extremely sharp teeth.
Your natural rate of healing is unusually fast.
When hurt, damage is shared between your health and your magic reserves.
Your bite disrupts and absorbs the magic of your enemies.
Potions and wands cannot restore your health.
You are immune to rotting.


Message History

You hit the bat.
You kill the bat!
Trog accepts your kill.
Your Fighting skill increases to level 3!
You hit the goblin. The goblin closely misses you.
You closely miss the goblin. Your bite misses the goblin.
The goblin closely misses you.
You hit the goblin. The goblin barely misses you.
You hit the goblin.
You kill the goblin!
Trog accepts your kill.
You can now regenerate and be protected from hostile enchantments.
Your Dodging skill increases to level 2!
You hit the goblin.
You kill the goblin!
Trog accepts your kill.
Your Armour skill increases to level 2!
The bat hits you but does no damage.
You closely miss the bat. Your punch misses the bat. The bat barely misses you.
The bat closely misses you. x2
You hit the bat but do no damage. You bite the bat, but do no damage.
The bat barely misses you. The bat barely misses you.
Things that are here:
a dagger x2 a bat corpse The bat barely misses you.
The bat hits you but does no damage. The bat misses you.
You closely miss the bat. Your bite misses the bat. The bat barely misses you.
The bat hits you. The bat hits you but does no damage.
You take 1 damage, and have 10/12 hp.
You hit the bat.
You kill the bat!
Trog accepts your kill.
No target in view!
Things that are here:
a dagger x2 a bat corpse You butcher the bat corpse.
i - a chunk of flesh {@w0}
Things that are here:
a dagger x2
Health restored: 12 You open the door.
A quokka, a jackal, a scorpion, an ogre and a zombie come into view.
The ogre shouts!
The jackal barks!
Okay, then.
Unknown command.
Okay, then.
Unknown command.
Unknown command.
Drink which item? (? for menu, Esc to quit)
You feel yourself speed up.
You are very lightly contaminated with residual magic.
Your skin crawls.
You feel resistant to hostile enchantments.
You feel slightly more hungry.
You barely miss the scorpion.
You bite the scorpion, but do no damage.
The scorpion stings you.
You are poisoned.
The scorpion poisons you!
You take 5 damage, and have 7/12 hp.
MASSIVE DAMAGE!!
A red film seems to cover your vision as you go berserk!
You feel yourself moving faster!
You feel mighty!
You feel quite a bit more hungry.
You feel sick. The scorpion closely misses you.
You now have 9/18 hp.
You barely miss the scorpion. You punch the scorpion. You bite the scorpion.
You drain its power.
You feel sick.
You hit the scorpion. The scorpion stings you!
* * * LOW HITPOINT WARNING * * *
You are lethally poisoned!
The scorpion poisons you!
You take 7 damage, and have 2/18 hp.
MASSIVE DAMAGE!!
You now have 1/2 mp.
You hit the scorpion. Your bite misses the scorpion.
* * * LOW HITPOINT WARNING * * *
You feel sick. The scorpion closely misses you.
You take 1 damage, and have 1/18 hp.
You punch the scorpion!
You kill the scorpion!
Trog accepts your kill.
Your Fighting skill increases to level 4!
Your Armour skill increases to level 3!
Your Dodging skill increases to level 3!
Your Unarmed Combat skill increases to level 4!
You have reached level 2!
You have reached level 3!
Your experience leads to an increase in your attributes!
Your base attributes are Str 19, Int 7, Dex 13.
Increase (S)trength, (I)ntelligence, or (D)exterity?
You feel agile.
You have reached level 4!
You feel stronger.
* * * LOW HITPOINT WARNING * * *
You feel sick.
You die... ▓▓▓▓▓▓▓▓▓▓▓▓▓▓▓▓▓▓▓ +.rOhZ†@...)'....<▓ ▓▓▓▓▓▓▓▓▓▓▓▓▓▓▓▓▓▓▓

You could see an ogre, a ball python zombie, a quokka and a jackal.

Vanquished Creatures
  A scorpion (D)
  3 bats (D)
  2 goblins (D)
6 creatures vanquished.

Notes
Turn   | Place    | Note
--------------------------------------------------------------
     0 | D        | esc the Vine Stalker Berserker began the quest for the Orb.
     0 | D        | Reached XP level 1. HP: 11/11 MP: 2/2
    14 | D        | Reached skill level 3 in Fighting
    18 | D        | Acquired Trog's second power
    18 | D        | Reached skill level 2 in Dodging
    19 | D        | Reached skill level 2 in Armour
    35 | D        | Noticed an ogre
    35 | D        | Noticed a scorpion
    41 | D        | HP: 2/18 [scorpion (8)]
    43 | D        | Killed a scorpion
    43 | D        | Reached skill level 4 in Fighting
    43 | D        | Reached skill level 3 in Armour
    43 | D        | Reached skill level 3 in Dodging
    43 | D        | Reached skill level 4 in Unarmed Combat
    43 | D        | Reached XP level 2. HP: 1/17 MP: 1/3
    43 | D        | Reached XP level 3. HP: 1/21 MP: 1/4
    43 | D        | Reached XP level 4. HP: 1/25 MP: 1/5
    44 | D        | Succumbed to a scorpion's poison

Vault maps used:
D:        linesprint

Action                   |  1- 3 |  4- 6 || total
-------------------------+-------+-------++-------
Melee: Unarmed           |    23 |       ||    23
Invok: Berserk           |     1 |       ||     1
       Trog's Hand       |     1 |       ||     1
  Use: Potion            |     1 |       ||     1

Vault maps used:
D:        linesprint

Table legend:
 A = Turns spent in this place as a percentage of turns spent in the entire game.
 B = Non-inter-level travel turns spent in this place as a percentage of non-inter-level travel turns spent in the entire game.
 C = Inter-level travel turns spent in this place as a percentage of turns spent in this place.
 D = Turns resting spent in this place as a percentage of non-inter-level travel turns spent in this place.
 E = Turns spent auto-exploring this place as a percentage of non-inter-level travel turns spent in this place.
 F = Non-inter-level travel turns spent in this place divided by the number of levels of this place that you've seen.
                   A       B       C       D       E      F
               +-------+-------+-------+-------+-------+----------------------
         Total | 100.0 | 100.0 |   0.0 |   0.0 |   0.0 |  51.0
       Dungeon | 100.0 | 100.0 |   0.0 |   0.0 |   0.0 |  51.0
               +-------+-------+-------+-------+-------+----------------------

Table legend:
 A = Kills in this place as a percentage of kills in entire the game.
 B = Kills by you in this place as a percentage of kills by you in the entire game.
 C = Kills by friends in this place as a percentage of kills by friends in the entire game.
 D = Other kills in this place as a percentage of other kills in the entire game.
 E = Experience gained in this place as a percentage of experience gained in the entire game.
 F = Experience gained in this place divided by the number of levels of this place that you have seen.
                   A       B       C       D       E      F
               +-------+-------+-------+-------+-------+----------------------
         Total | 100.0 | 100.0 |  -nan |  -nan | 100.0 |  85.0
       Dungeon | 100.0 | 100.0 |  -nan |  -nan | 100.0 |  85.0
               +-------+-------+-------+-------+-------+----------------------
